General information
- name: BNet
- type: Ladder team game (AT/RT)
- host: Battle.net
- saver: FatBoyCampbell
map: FullScaleAssault
- players: 8
- length: 52:30
- speed: Fast
- version: 1.26 W3XP
- replay type: Public
» download(326 KB)
Players
team 1 (loser)

»
genova (
green | 44 APM | 1310 actions | 29:32)
5 Blademaster
2 Wind Walk
3 Critical Strike
» actions
| Basic commands | 3 | |
| Build / train | 107 | |
| Enter build submenu | 37 | |
| Enter hero's abilities submenu | 8 | |
| Give item / drop item | 1 | |
| Right click | 676 | |
| Select / deselect | 374 | |
| Use ability | 104 | |
1310 total
» units
| Peon | 49 | |
| Goblin Shredder | 1 | |
| Wind Rider | 9 | |
| Troll Batrider | 19 | |
| Shaman | 4 | |
82 total
» upgrades
| Spiked Barricades | 1 | |
| Ranged Weapons | 2 | |
| Armor | 2 | |
| Envenomed Spears | 1 | |
| Shaman Training | 2 | |
| Witch Doctor Training | 2 | |
10 total
» buildings
| Altar of Storms | 1 | |
| War Mill | 1 | |
| Orc Burrow | 8 | |
| Voodoo Lounge | 2 | |
| Great Hall | 4 | |
| Watch Tower | 12 | |
| Stronghold | 1 | |
| Fortress | 1 | |
| Beastiary | 3 | |
| Spirit Lodge | 2 | |
35 total
» build order
00:20 Altar of Storms
00:26 War Mill
01:11 Orc Burrow
01:55 Voodoo Lounge
02:00 Orc Burrow
04:11 Great Hall
04:15 Watch Tower
04:17 Watch Tower
04:19 Watch Tower
04:52 Stronghold
04:59 Voodoo Lounge
05:03 Watch Tower
05:30 Watch Tower
05:38 Watch Tower
05:59 Watch Tower
06:09 Watch Tower
06:31 Watch Tower
07:05 Watch Tower
07:33 Watch Tower
07:36 Watch Tower
08:21 Fortress
09:00 Beastiary
09:02 Beastiary
09:49 Orc Burrow
09:53 Orc Burrow
09:54 Orc Burrow
09:55 Orc Burrow
10:16 Spirit Lodge
10:18 Spirit Lodge
10:21 Beastiary
17:19 Orc Burrow
17:20 Orc Burrow
21:17 Great Hall
22:07 Great Hall
22:33 Great Hall
» items
| Staff of Teleportation | 1 | |
| Potion of Lesser Invulnerability | 1 | |
| Healing Salve | 1 | |
| Lesser Clarity Potion | 1 | |
| Potion of Healing | 1 | |
| Orb of Lightning | 1 | |
| Scroll of Town Portal | 1 | |
7 total

»
ThunderCats.HOE (
orange | 64 APM | 2706 actions | 42:30)
8 Warden
3 Shadow Strike
3 Blink
1 Spirit of Vengeance
1 Fan of Knives
» actions
| Assign group hotkey | 14 | |
| Basic commands | 73 | |
| Build / train | 109 | |
| ESC pressed | 12 | |
| Enter build submenu | 36 | |
| Enter hero's abilities submenu | 8 | |
| Give item / drop item | 8 | |
| Remove unit from queue | 5 | |
| Right click | 1243 | |
| Select / deselect | 396 | |
| Select group hotkey | 647 | |
| Use ability | 155 | |
2706 total
» units
| Wisp | 50 | |
| Archer | 6 | |
| Druid of the Claw | 1 | |
| Hippogryph | 8 | |
| Dryad | 3 | |
| Goblin Zeppelin | 1 | |
| Blue Dragon Whelp | 1 | |
70 total
» upgrades
| Ultravision | 1 | |
| Improved Bows | 1 | |
| Reinforced Hides | 2 | |
| Strength of the Wild | 2 | |
| Nature's Blessing | 1 | |
| Druid of the Claw Training | 1 | |
| Well Spring | 1 | |
9 total
» buildings
| Moon Well | 13 | |
| Altar of Elders | 1 | |
| Ancient of War | 2 | |
| Ancient of Wonders | 1 | |
| Tree of Life | 8 | |
| Tree of Ages | 2 | |
| Hunter's Hall | 1 | |
| Ancient of Lore | 2 | |
| Ancient of Wind | 5 | |
| Tree of Eternity | 1 | |
| Ancient Protector | 1 | |
| Altar of Storms | 1 | |
| Orc Burrow | 2 | |
| War Mill | 1 | |
41 total
» build order
00:20 Moon Well
00:48 Altar of Elders
00:56 Ancient of War
01:38 Moon Well
02:06 Ancient of Wonders
02:18 Moon Well
02:58 Ancient of War
05:31 Tree of Life
05:40 Tree of Ages
05:43 Moon Well
05:46 Hunter's Hall
07:20 Moon Well
08:07 Ancient of Lore
08:09 Ancient of Lore
08:35 Tree of Life
10:28 Ancient of Wind
11:41 Ancient of Wind
12:40 Tree of Eternity
14:19 Tree of Life
16:46 Ancient Protector
20:21 Moon Well
20:22 Moon Well
20:27 Moon Well
20:28 Moon Well
21:57 Tree of Life
26:45 Tree of Life
28:08 Tree of Life
28:22 Tree of Life
30:37 Altar of Storms
30:43 Orc Burrow
31:18 Moon Well
33:12 Orc Burrow
33:26 Moon Well
36:39 Moon Well
36:39 Moon Well
36:49 Tree of Life
36:57 War Mill
37:35 Tree of Ages
41:04 Ancient of Wind
42:10 Ancient of Wind
42:13 Ancient of Wind
» items
| Potion of Mana | 1 | |
| Lesser Clarity Potion | 2 | |
| Boots of Speed | 2 | |
| Potion of Invisibility | 2 | |
| Staff of Teleportation | 1 | |
| Potion of Lesser Invulnerability | 1 | |
| Orb of Venom | 2 | |
| Scroll of Town Portal | 2 | |
13 total
Dragon1990 (
pink | 31 APM | 930 actions | 29:56)
5 Warden
3 Fan of Knives
1 Shadow Strike
1 Blink
» actions
| Assign group hotkey | 7 | |
| Basic commands | 15 | |
| Build / train | 50 | |
| Enter build submenu | 19 | |
| Enter hero's abilities submenu | 5 | |
| Give item / drop item | 1 | |
| Remove unit from queue | 5 | |
| Right click | 523 | |
| Select / deselect | 268 | |
| Select group hotkey | 1 | |
| Use ability | 35 | |
930 total
» units
| Wisp | 15 | |
| Archer | 5 | |
| Hippogryph | 3 | |
| Chimaera | 4 | |
| Blue Dragon | 1 | |
28 total
» upgrades
| Reinforced Hides | 2 | |
| Strength of the Wild | 1 | |
| Well Spring | 1 | |
| Corrosive Breath | 1 | |
5 total
» buildings
| Altar of Elders | 1 | |
| Moon Well | 8 | |
| Ancient of War | 1 | |
| Ancient of Wonders | 1 | |
| Tree of Ages | 1 | |
| Hunter's Hall | 1 | |
| Ancient Protector | 2 | |
| Ancient of Wind | 1 | |
| Tree of Eternity | 1 | |
| Chimaera Roost | 2 | |
19 total
» build order
00:12 Altar of Elders
00:24 Moon Well
00:37 Ancient of War
01:38 Moon Well
02:34 Ancient of Wonders
03:03 Moon Well
03:32 Tree of Ages
03:37 Hunter's Hall
05:06 Ancient Protector
05:55 Ancient of Wind
06:49 Tree of Eternity
06:54 Moon Well
07:56 Ancient Protector
09:40 Chimaera Roost
09:42 Chimaera Roost
10:42 Moon Well
11:43 Moon Well
13:21 Moon Well
17:59 Moon Well
» items
| Potion of Mana | 1 | |
| Scroll of Town Portal | 1 | |
| Orb of Venom | 1 | |
3 total
Amovemaster. (
blue | 100 APM | 5272 actions | 52:29)
8 Archmage
2 Summon Water Elemental
3 Brilliance Aura
2 Blizzard
1 Mass Teleport
1 Mountain King
1 Bash
1 Goblin Tinker
1 Engineering Upgrade
» actions
| Assign group hotkey | 67 | |
| Basic commands | 45 | |
| Build / train | 220 | |
| Enter build submenu | 100 | |
| Enter hero's abilities submenu | 10 | |
| Give item / drop item | 15 | |
| Right click | 1917 | |
| Select / deselect | 644 | |
| Select group hotkey | 1922 | |
| Use ability | 330 | |
5272 total
» units
| Peasant | 27 | |
| Footman | 5 | |
| Goblin Shredder | 3 | |
| Goblin Zeppelin | 4 | |
| Sorceress | 3 | |
| Mortar Team | 6 | |
| Siege Engine | 1 | |
| Gryphon Rider | 1 | |
50 total
» upgrades
| Armor | 4 | |
| Swords | 3 | |
| Defend | 1 | |
| Masonry | 3 | |
| Gunpowder | 3 | |
| Sorceress Training | 2 | |
| Fragmentation Shards | 1 | |
| Animal War Training | 1 | |
| Flare | 1 | |
| Barrage | 1 | |
| Plating | 3 | |
| Storm Hammers | 1 | |
| Cloud | 1 | |
| Lumber Harvesting | 2 | |
| Backpack | 1 | |
28 total
» buildings
| Barracks | 2 | |
| Altar of Kings | 2 | |
| Farm | 16 | |
| Arcane Vault | 2 | |
| Blacksmith | 2 | |
| Town Hall | 5 | |
| Keep | 4 | |
| Scout Tower | 60 | |
| Arcane Tower | 3 | |
| Lumber Mill | 2 | |
| Guard Tower | 65 | |
| Castle | 4 | |
| Workshop | 4 | |
| Arcane Sanctum | 1 | |
| Gryphon Aviary | 3 | |
| Altar of Elders | 2 | |
| Moon Well | 5 | |
182 total
» build order
00:50 Barracks
01:03 Altar of Kings
01:05 Farm
01:16 Farm
01:22 Farm
02:01 Arcane Vault
02:52 Blacksmith
03:28 Farm
03:40 Farm
04:20 Town Hall
05:37 Farm
05:56 Keep
05:56 Keep
06:17 Scout Tower
06:18 Scout Tower
06:22 Scout Tower
06:50 Arcane Tower
06:50 Arcane Tower
07:08 Lumber Mill
07:13 Scout Tower
07:14 Scout Tower
07:15 Scout Tower
07:20 Scout Tower
07:26 Scout Tower
07:30 Scout Tower
07:31 Scout Tower
08:29 Guard Tower
08:31 Guard Tower
08:36 Scout Tower
08:37 Scout Tower
08:40 Scout Tower
08:50 Castle
08:50 Castle
08:59 Workshop
09:00 Arcane Sanctum
09:24 Guard Tower
09:24 Guard Tower
10:38 Farm
10:40 Farm
12:40 Town Hall
12:47 Scout Tower
12:49 Scout Tower
12:50 Scout Tower
12:53 Scout Tower
12:54 Scout Tower
12:55 Scout Tower
12:56 Scout Tower
12:57 Scout Tower
12:58 Scout Tower
12:59 Scout Tower
13:00 Scout Tower
13:01 Scout Tower
13:02 Scout Tower
13:08 Scout Tower
13:28 Scout Tower
13:29 Scout Tower
13:30 Scout Tower
13:36 Scout Tower
13:37 Scout Tower
13:55 Guard Tower
13:55 Guard Tower
13:56 Guard Tower
14:01 Guard Tower
14:01 Guard Tower
14:02 Guard Tower
14:11 Guard Tower
14:11 Guard Tower
14:42 Town Hall
15:36 Workshop
15:40 Workshop
15:40 Workshop
15:43 Barracks
16:00 Farm
16:02 Farm
16:08 Scout Tower
16:09 Scout Tower
16:54 Guard Tower
16:54 Guard Tower
16:54 Guard Tower
17:55 Scout Tower
17:57 Scout Tower
19:52 Guard Tower
19:52 Guard Tower
19:57 Scout Tower
19:57 Scout Tower
19:58 Scout Tower
19:59 Scout Tower
20:00 Scout Tower
20:04 Scout Tower
20:06 Scout Tower
20:21 Scout Tower
20:23 Scout Tower
20:25 Scout Tower
20:30 Guard Tower
20:30 Guard Tower
20:31 Guard Tower
20:34 Guard Tower
20:34 Guard Tower
20:35 Guard Tower
20:48 Guard Tower
20:48 Guard Tower
20:48 Guard Tower
20:49 Guard Tower
20:49 Guard Tower
20:49 Guard Tower
20:49 Guard Tower
20:50 Guard Tower
20:58 Guard Tower
20:58 Guard Tower
20:58 Guard Tower
21:01 Guard Tower
21:01 Guard Tower
21:01 Guard Tower
21:05 Scout Tower
21:05 Scout Tower
21:07 Scout Tower
22:55 Guard Tower
22:55 Guard Tower
22:56 Guard Tower
23:21 Town Hall
23:28 Scout Tower
23:29 Scout Tower
23:30 Scout Tower
25:07 Guard Tower
25:07 Guard Tower
25:09 Scout Tower
25:10 Scout Tower
25:13 Scout Tower
25:15 Scout Tower
25:22 Scout Tower
25:25 Scout Tower
25:28 Scout Tower
25:29 Scout Tower
25:39 Keep
25:41 Guard Tower
25:42 Guard Tower
25:42 Guard Tower
26:12 Guard Tower
26:12 Guard Tower
27:22 Guard Tower
27:22 Guard Tower
27:22 Guard Tower
28:46 Altar of Kings
28:54 Blacksmith
29:00 Farm
29:01 Farm
29:02 Farm
30:47 Farm
30:49 Farm
30:57 Castle
30:57 Castle
31:06 Farm
32:34 Arcane Vault
33:11 Lumber Mill
34:06 Gryphon Aviary
34:11 Gryphon Aviary
34:18 Gryphon Aviary
40:56 Town Hall
43:25 Altar of Elders
43:27 Moon Well
43:32 Altar of Elders
44:50 Moon Well
44:51 Moon Well
44:54 Moon Well
44:55 Moon Well
» items
| Scroll of Regeneration | 3 | |
| Periapt of Vitality | 4 | |
| Staff of Teleportation | 3 | |
| Tome of Retraining | 1 | |
| Scroll of Town Portal | 6 | |
| Potion of Lesser Invulnerability | 1 | |
| Staff of Sanctuary | 1 | |
| Boots of Speed | 2 | |
| Circlet of Nobility | 2 | |
23 total
team 2 (winner)
ELVENGADORANAL (
red | 68 APM | 2776 actions | 40:42)
7 Goblin Alchemist
3 Acid Bomb
3 Chemical Rage
1 Transmute
» actions
| Assign group hotkey | 28 | |
| Basic commands | 9 | |
| Build / train | 123 | |
| Enter build submenu | 59 | |
| Enter hero's abilities submenu | 7 | |
| Give item / drop item | 6 | |
| Right click | 1350 | |
| Select / deselect | 555 | |
| Select group hotkey | 490 | |
| Use ability | 149 | |
2776 total
» units
| Peasant | 20 | |
| Footman | 5 | |
| Goblin Shredder | 1 | |
| Mortar Team | 11 | |
| Siege Engine | 3 | |
| Flying Machine | 3 | |
| Knight | 1 | |
44 total
» upgrades
| Masonry | 3 | |
| Lumber Harvesting | 2 | |
| Magic Sentry | 1 | |
| Sorceress Training | 2 | |
| Gunpowder | 3 | |
| Fragmentation Shards | 1 | |
| Flare | 1 | |
| Plating | 3 | |
| Barrage | 1 | |
| Priest Training | 1 | |
| Flak Cannons | 1 | |
| Flying Machine Bombs | 1 | |
20 total
» buildings
| Barracks | 1 | |
| Farm | 13 | |
| Altar of Kings | 1 | |
| Scout Tower | 28 | |
| Arcane Tower | 4 | |
| Lumber Mill | 2 | |
| Arcane Vault | 1 | |
| Town Hall | 3 | |
| Guard Tower | 15 | |
| Keep | 1 | |
| Castle | 1 | |
| Arcane Sanctum | 1 | |
| Blacksmith | 1 | |
| Workshop | 4 | |
76 total
» build order
00:10 Barracks
00:20 Farm
00:26 Farm
01:09 Altar of Kings
01:32 Scout Tower
01:58 Arcane Tower
02:19 Farm
02:43 Farm
02:47 Lumber Mill
02:50 Scout Tower
03:09 Arcane Vault
03:27 Arcane Tower
05:11 Town Hall
05:13 Scout Tower
05:14 Scout Tower
05:16 Scout Tower
05:17 Scout Tower
05:19 Scout Tower
05:20 Scout Tower
05:22 Scout Tower
05:43 Guard Tower
05:45 Arcane Tower
05:54 Guard Tower
05:56 Guard Tower
06:53 Scout Tower
06:58 Scout Tower
07:31 Keep
07:45 Farm
07:47 Guard Tower
07:51 Farm
07:54 Farm
08:18 Guard Tower
08:27 Scout Tower
08:28 Scout Tower
08:29 Scout Tower
08:32 Scout Tower
09:32 Scout Tower
09:33 Scout Tower
09:45 Guard Tower
09:49 Farm
09:57 Castle
10:03 Guard Tower
10:05 Guard Tower
10:19 Arcane Sanctum
10:57 Scout Tower
11:34 Arcane Tower
11:39 Blacksmith
11:53 Farm
12:10 Workshop
12:21 Lumber Mill
12:38 Workshop
13:06 Workshop
13:29 Farm
14:24 Farm
15:11 Scout Tower
15:15 Scout Tower
15:15 Scout Tower
16:55 Guard Tower
18:03 Workshop
18:22 Scout Tower
18:23 Scout Tower
19:07 Farm
19:10 Guard Tower
21:55 Farm
24:41 Scout Tower
25:07 Guard Tower
25:09 Scout Tower
25:12 Scout Tower
25:13 Scout Tower
25:35 Guard Tower
25:42 Guard Tower
25:42 Guard Tower
31:44 Town Hall
32:31 Town Hall
32:45 Scout Tower
» items
| Scroll of Regeneration | 8 | |
| Boots of Speed | 1 | |
| Dust of Appearance | 1 | |
| Lesser Clarity Potion | 4 | |
| Orb of Fire | 2 | |
| Potion of Healing | 4 | |
| Scroll of Town Portal | 4 | |
| Scroll of Healing | 1 | |
25 total
RaBiD_MuLe (
teal | 57 APM | 3009 actions | 52:29)
5 Demon Hunter
3 Mana Burn
2 Evasion
3 Priestess of the Moon
2 Trueshot Aura
1 Searing Arrows
3 Keeper of the Grove
2 Entangling Roots
1 Thorns Aura
» actions
| Assign group hotkey | 67 | |
| Basic commands | 1 | |
| Build / train | 126 | |
| Enter build submenu | 38 | |
| Enter hero's abilities submenu | 11 | |
| Remove unit from queue | 3 | |
| Right click | 1090 | |
| Select / deselect | 460 | |
| Select group hotkey | 1117 | |
| Use ability | 95 | |
3009 total
» units
| Wisp | 34 | |
| Archer | 13 | |
| Hippogryph | 16 | |
| Chimaera | 13 | |
76 total
» upgrades
| Improved Bows | 1 | |
| Strength of the Moon | 3 | |
| Moon Armor | 3 | |
| Hippogryph Taming | 1 | |
| Marksmanship | 1 | |
| Strength of the Wild | 4 | |
| Corrosive Breath | 1 | |
| Reinforced Hides | 3 | |
17 total
» buildings
| Altar of Elders | 2 | |
| Moon Well | 21 | |
| Ancient of War | 1 | |
| Tree of Ages | 3 | |
| Tree of Life | 3 | |
| Hunter's Hall | 2 | |
| Ancient of Wind | 3 | |
| Tree of Eternity | 5 | |
| Chimaera Roost | 3 | |
| Ancient Protector | 2 | |
45 total
» build order
00:07 Altar of Elders
00:13 Moon Well
00:37 Ancient of War
01:23 Moon Well
02:17 Moon Well
03:37 Moon Well
04:09 Tree of Ages
04:37 Tree of Life
05:26 Hunter's Hall
05:51 Moon Well
07:23 Ancient of Wind
08:21 Moon Well
08:36 Tree of Eternity
09:06 Ancient of Wind
10:28 Moon Well
12:33 Chimaera Roost
13:34 Moon Well
15:45 Ancient Protector
15:46 Ancient Protector
15:52 Tree of Life
23:00 Tree of Ages
23:41 Altar of Elders
24:11 Moon Well
24:33 Tree of Life
24:38 Moon Well
25:41 Moon Well
25:48 Moon Well
25:50 Tree of Eternity
25:50 Tree of Eternity
26:26 Hunter's Hall
26:29 Moon Well
27:33 Ancient of Wind
27:39 Moon Well
28:05 Moon Well
28:31 Tree of Ages
28:36 Chimaera Roost
28:38 Chimaera Roost
28:53 Moon Well
28:56 Moon Well
30:58 Tree of Eternity
36:31 Moon Well
36:32 Moon Well
36:34 Moon Well
36:36 Moon Well
» items
| Potion of Lesser Invulnerability | 2 | |
| Scroll of Town Portal | 2 | |
| Scroll of Regeneration | 1 | |
| Orb of Fire | 1 | |
| Potion of Healing | 2 | |
8 total
FatBoyCampbell (
yellow | 49 APM | 2566 actions | 52:30)
8 Archmage
3 Summon Water Elemental
3 Brilliance Aura
1 Mass Teleport
1 Blizzard
» actions
| Assign group hotkey | 50 | |
| Basic commands | 344 | |
| Build / train | 101 | |
| Enter build submenu | 67 | |
| Enter hero's abilities submenu | 8 | |
| Give item / drop item | 8 | |
| Right click | 861 | |
| Select / deselect | 565 | |
| Select group hotkey | 338 | |
| Use ability | 224 | |
2566 total
» units
| Peasant | 17 | |
| Footman | 4 | |
| Goblin Shredder | 2 | |
| Goblin Zeppelin | 3 | |
| Gryphon Rider | 8 | |
| Goblin Sapper | 7 | |
| Dragonhawk Rider | 2 | |
| Blue Dragon | 2 | |
45 total
» upgrades
| Swords | 3 | |
| Armor | 4 | |
| Masonry | 2 | |
| Storm Hammers | 1 | |
| Animal War Training | 1 | |
| Cloud | 1 | |
| Gunpowder | 3 | |
| Plating | 3 | |
| Barrage | 1 | |
| Fragmentation Shards | 1 | |
| Flare | 1 | |
| Flak Cannons | 1 | |
22 total
» buildings
| Altar of Kings | 1 | |
| Barracks | 1 | |
| Farm | 11 | |
| Keep | 1 | |
| Town Hall | 4 | |
| Lumber Mill | 3 | |
| Arcane Vault | 3 | |
| Scout Tower | 64 | |
| Guard Tower | 11 | |
| Castle | 1 | |
| Gryphon Aviary | 4 | |
| Blacksmith | 2 | |
| Workshop | 4 | |
110 total
» build order
00:49 Altar of Kings
00:51 Barracks
00:53 Farm
01:04 Farm
01:07 Farm
01:49 Farm
03:50 Keep
04:01 Town Hall
04:47 Lumber Mill
05:29 Arcane Vault
05:42 Scout Tower
05:43 Scout Tower
05:45 Scout Tower
05:46 Scout Tower
06:24 Guard Tower
06:28 Scout Tower
06:29 Scout Tower
06:30 Scout Tower
06:30 Scout Tower
06:33 Castle
08:12 Guard Tower
08:18 Gryphon Aviary
08:18 Gryphon Aviary
08:19 Gryphon Aviary
08:19 Gryphon Aviary
08:21 Blacksmith
08:22 Blacksmith
08:27 Farm
08:29 Farm
10:21 Town Hall
10:24 Scout Tower
10:24 Scout Tower
10:25 Scout Tower
10:26 Scout Tower
10:26 Scout Tower
10:27 Scout Tower
10:27 Scout Tower
11:38 Guard Tower
11:41 Scout Tower
11:41 Scout Tower
11:41 Scout Tower
11:42 Scout Tower
11:47 Arcane Vault
13:05 Scout Tower
13:06 Scout Tower
13:06 Scout Tower
13:07 Scout Tower
13:22 Guard Tower
14:57 Guard Tower
15:02 Guard Tower
18:58 Workshop
18:58 Workshop
19:00 Workshop
19:00 Workshop
23:44 Scout Tower
23:45 Scout Tower
23:45 Scout Tower
23:45 Scout Tower
23:47 Scout Tower
23:48 Scout Tower
23:48 Scout Tower
23:48 Scout Tower
23:49 Scout Tower
23:50 Scout Tower
23:50 Scout Tower
23:51 Scout Tower
23:51 Scout Tower
23:53 Scout Tower
23:54 Scout Tower
23:54 Scout Tower
23:54 Scout Tower
23:55 Scout Tower
23:55 Scout Tower
23:55 Scout Tower
24:04 Scout Tower
24:04 Scout Tower
24:04 Scout Tower
24:12 Lumber Mill
24:14 Lumber Mill
24:19 Scout Tower
24:19 Scout Tower
24:34 Farm
24:34 Farm
24:35 Farm
24:35 Farm
24:36 Farm
25:43 Guard Tower
25:48 Guard Tower
27:59 Town Hall
28:02 Scout Tower
28:02 Scout Tower
28:03 Scout Tower
28:04 Scout Tower
28:04 Scout Tower
28:04 Scout Tower
28:05 Scout Tower
28:06 Scout Tower
28:06 Scout Tower
28:07 Scout Tower
28:08 Scout Tower
28:12 Arcane Vault
28:28 Guard Tower
28:57 Guard Tower
34:42 Town Hall
38:37 Guard Tower
» items
| Mechanical Critter | 4 | |
| Periapt of Vitality | 1 | |
| Scroll of Town Portal | 3 | |
| Scroll of Regeneration | 2 | |
| Potion of Healing | 1 | |
| Staff of Sanctuary | 1 | |
12 total
FighTer-NaVy (
purple | 38 APM | 1335 actions | 35:07)
4 Demon Hunter
2 Immolation
2 Mana Burn
3 Keeper of the Grove
2 Entangling Roots
1 Thorns Aura
3 Priestess of the Moon
2 Searing Arrows
1 Trueshot Aura
» actions
| Assign group hotkey | 10 | |
| Basic commands | 202 | |
| Build / train | 154 | |
| Enter build submenu | 30 | |
| Enter hero's abilities submenu | 10 | |
| Give item / drop item | 8 | |
| Right click | 396 | |
| Select / deselect | 392 | |
| Select group hotkey | 76 | |
| Use ability | 57 | |
1335 total
» units
| Wisp | 34 | |
| Archer | 34 | |
| Hippogryph | 38 | |
106 total
» upgrades
| Improved Bows | 1 | |
| Hippogryph Taming | 1 | |
| Strength of the Moon | 2 | |
| Moon Armor | 2 | |
| Marksmanship | 1 | |
7 total
» buildings
| Altar of Elders | 2 | |
| Moon Well | 10 | |
| Ancient of War | 1 | |
| Hunter's Hall | 1 | |
| Ancient of Wonders | 2 | |
| Tree of Life | 2 | |
| Ancient Protector | 8 | |
| Tree of Ages | 1 | |
| Ancient of Wind | 4 | |
| Tree of Eternity | 1 | |
32 total
» build order
00:17 Altar of Elders
00:26 Moon Well
01:45 Ancient of War
02:01 Moon Well
02:54 Hunter's Hall
03:02 Moon Well
03:40 Ancient of Wonders
05:20 Tree of Life
05:28 Ancient Protector
05:34 Ancient Protector
05:39 Tree of Ages
06:08 Moon Well
07:49 Moon Well
08:18 Ancient of Wind
08:31 Ancient Protector
08:36 Ancient Protector
08:49 Ancient of Wind
09:47 Ancient Protector
09:55 Ancient Protector
10:02 Tree of Eternity
11:06 Ancient Protector
13:20 Moon Well
15:37 Ancient Protector
17:18 Moon Well
18:17 Moon Well
19:14 Ancient of Wind
20:22 Ancient of Wind
20:52 Ancient of Wonders
28:08 Altar of Elders
28:12 Moon Well
28:56 Tree of Life
29:11 Moon Well
» items
| Scroll of Town Portal | 5 | |
| Potion of Healing | 6 | |
| Orb of Venom | 1 | |
| Potion of Lesser Invulnerability | 1 | |
13 total
Chat log
(00:11 / Allies) ELVENGADORANAL: well
(01:37 / Allies) ELVENGADORANAL: going
(01:41 / Allies) ELVENGADORANAL: mele to mass grpyhon
(01:49 / Allies) RaBiD_MuLe: hip
(08:15 / Allies) ELVENGADORANAL: lol
(08:40 / Allies) ELVENGADORANAL: tower asap
(11:14 / Allies) ELVENGADORANAL: going mass mort
(11:24 / Allies) ELVENGADORANAL: wood plz
(12:52 / Allies) FatBoyCampbell: lumbers
(13:00 / Allies) FatBoyCampbell: danke
(13:07 / Allies) RaBiD_MuLe: bite
(16:04 / Allies) RaBiD_MuLe: gold please
(16:06 / Allies) RaBiD_MuLe: a lot fo it
(16:16 / Allies) RaBiD_MuLe: quick
(16:18 / Allies) RaBiD_MuLe: yellow
(16:19 / Allies) RaBiD_MuLe: gold me
(16:36 / Allies) RaBiD_MuLe: i need gold
(16:39 / Allies) RaBiD_MuLe: you guys have 1000s
(20:55 / All) FatBoyCampbell: wtf was that lol
(20:58 / All) FatBoyCampbell: that bat
(23:22 / Allies) RaBiD_MuLe: due yellow
(23:24 / Allies) RaBiD_MuLe: give gold
(23:28 / Allies) RaBiD_MuLe: ridicuklous
(29:11 / All) ELVENGADORANAL: Lol
(29:17 / All) Amovemaster.: good bm control green lol
(29:29 / All) genova: i whopped his ass enough times alright peace out
(29:33 / All) ELVENGADORANAL: bye nerd
(29:34 / All) FatBoyCampbell: lawl
(29:53 / All) Dragon1990: gg
(29:58 / All) Amovemaster.: gg out
(29:59 / All) Amovemaster.: leave
(31:45 / Allies) RaBiD_MuLe: retard
(31:49 / Allies) RaBiD_MuLe: just dinish
(31:56 / Allies) RaBiD_MuLe: you are worst player have 100000 gold
(32:04 / Allies) FatBoyCampbell: that makes me the best
(32:12 / Allies) RaBiD_MuLe: no it makes you an idiot
(32:15 / All) FatBoyCampbell: make me smart
(32:23 / Allies) ELVENGADORANAL: we can lose
(32:25 / Allies) FatBoyCampbell: it's my rainy day fund
(32:27 / Allies) ELVENGADORANAL: if u dont cut the shit
(33:10 / Allies) ELVENGADORANAL: yellow
(33:14 / Allies) ELVENGADORANAL: are u fucking serious
(33:36 / Allies) ELVENGADORANAL: why u are ruining a good game stupid american shit
(33:54 / All) FatBoyCampbell: I DONT LIKE ELVEN ANAL
(33:58 / Allies) ELVENGADORANAL: god damnit
(34:02 / Allies) ELVENGADORANAL: a retarded american
(34:05 / Allies) ELVENGADORANAL: on our side
(34:41 / Allies) ELVENGADORANAL: seems like we lose
(34:43 / Allies) ELVENGADORANAL: thanks yellow
(34:51 / Allies) FatBoyCampbell: no problemo
(34:55 / Allies) ELVENGADORANAL: retarded fuck
(35:02 / Allies) FatBoyCampbell: stop being so harsh on yourself
(35:07 / Allies) ELVENGADORANAL: retard.
(35:15 / Allies) FatBoyCampbell: self denigration ain't cool dude
(35:21 / Allies) ELVENGADORANAL: dont dude me
(35:32 / Allies) FatBoyCampbell: duderino
(35:41 / Allies) ELVENGADORANAL: stupid american
(35:43 / All) Amovemaster.: out gg
(35:51 / Allies) FatBoyCampbell: stupid ass play lover
(35:57 / Allies) ELVENGADORANAL: stupid american
(36:40 / Allies) ELVENGADORANAL: classical nerd virgin
(36:53 / Allies) FatBoyCampbell: from the classical period?
(36:55 / Allies) FatBoyCampbell: that's pretty cool
(37:01 / Allies) ELVENGADORANAL: u son of a bitch
(37:02 / Allies) FatBoyCampbell: am I a Goethe do you think
(37:12 / Allies) RaBiD_MuLe: you are a nigger
(37:14 / Allies) RaBiD_MuLe: that is what you are
(37:28 / Allies) FatBoyCampbell: Am I a Goethe or a Kant do you think
(37:32 / Allies) RaBiD_MuLe: and I mean that not in a racist way
(37:34 / All) ELVENGADORANAL: its a sad day for wc3
(37:38 / All) ELVENGADORANAL: when a motherfucker
(37:42 / Allies) RaBiD_MuLe: but in the way that you have no respect for anyone
(37:45 / All) ELVENGADORANAL: like yellow betray his tieam
(37:49 / All) Amovemaster.: wait
(37:51 / All) Amovemaster.: what happened..?
(37:52 / All) ELVENGADORANAL: thiking hes hot shit
(38:02 / Allies) FatBoyCampbell: you dead now
(38:03 / Allies) FatBoyCampbell: newbie
(38:06 / All) Amovemaster.: what happened?
(38:08 / All) ELVENGADORANAL: sorry nerd
(38:16 / All) ELVENGADORANAL: blue
(38:24 / Allies) FatBoyCampbell: one toasted newbie
(38:32 / All) ELVENGADORANAL: the matter of fact is
(38:38 / All) ELVENGADORANAL: yellow is a ugly son of a bitch
(38:42 / All) ELVENGADORANAL: without gf and live
(38:47 / All) FatBoyCampbell: red likes ass play and kink
(38:49 / All) ELVENGADORANAL: betraying his team mates
(38:51 / All) FatBoyCampbell: he's a pervert
(38:56 / All) ELVENGADORANAL: because hes an homosexual retard
(38:59 / All) ELVENGADORANAL: thats why
(39:05 / All) FatBoyCampbell: you're the one that likes to stick shit up your ass bro
(39:06 / All) ELVENGADORANAL: i bet the kid is a ugly shit
(39:08 / All) Amovemaster.: wow this got homophobic real fast
(39:14 / All) Amovemaster.: homophobic loser
(39:20 / All) ELVENGADORANAL: i can bet blue ur a faggot too?
(39:26 / All) Amovemaster.: I'm an ally
(39:31 / All) Amovemaster.: Lgbtqo ally
(39:39 / All) ELVENGADORANAL: youre a homosexual too
(39:43 / All) ELVENGADORANAL: that means
(39:45 / All) Amovemaster.: I'm a straight all
(39:46 / All) Amovemaster.: y
(39:48 / All) ELVENGADORANAL: thjats why u got touchy
(39:51 / All) ELVENGADORANAL: fucking fag
(40:29 / All) FatBoyCampbell: I consider myself gender fluid
(40:33 / All) FatBoyCampbell: like miley cyrus
(40:35 / All) ELVENGADORANAL: yo yellow,before i go i want to say u something
(40:36 / All) FatBoyCampbell: she's my role model
(40:41 / All) ELVENGADORANAL: you are the worst human shit i ever met.
(40:48 / All) FatBoyCampbell: lol
(42:27 / All) FatBoyCampbell: another roasted newbie
(42:32 / All) FatBoyCampbell: you toasate newbie!
(42:35 / All) Amovemaster.: that is the easiest level 7 warden kill I've ever done
(42:36 / All) Amovemaster.: wow
(42:38 / All) FatBoyCampbell: lol
(42:42 / All) Amovemaster.: bad luck for your team LOL
(42:45 / All) Amovemaster.: FREE WIN
(42:48 / All) Amovemaster.: WOOOOOOO!
(42:59 / All) Amovemaster.: 1 WIN CLOSER TO A HIGH ELL ACCOUNT
(43:03 / Allies) FatBoyCampbell: bad luck teal
(43:05 / Allies) FatBoyCampbell: today is not oyur day
(43:05 / All) Amovemaster.: 1 WIN CLOSER TO #1 ON LADDER!
(45:51 / Allies) RaBiD_MuLe: you know when you kill all my buildings you dont win right?
(45:57 / All) FatBoyCampbell: gee is that so
(46:03 / All) FatBoyCampbell: I didn't even realize!
(46:11 / Allies) RaBiD_MuLe: you seem to be a special kind of stupid so I wasnt sure
(46:18 / All) FatBoyCampbell: I'm going 0-1 now
(46:21 / Allies) RaBiD_MuLe: glad I could clear that up for you
(46:25 / All) FatBoyCampbell: no way I can get a clan with that record
(46:46 / All) Amovemaster.: his warden had sick items
(46:53 / All) Amovemaster.: captain america helm, pendant of nrg, jango
(47:03 / All) Amovemaster.: From where you're kneeling it must look like an 18-karat run of bad luck
(47:07 / All) Amovemaster.: but the truth is
(47:11 / All) Amovemaster.: the game was rigged from the start
(47:22 / All) FatBoyCampbell: You see, teal, blue and I were working in collusion
(47:30 / All) FatBoyCampbell: You had no chance from before the game even began
(47:39 / All) FatBoyCampbell: Like I said, today just wasn't yoru day
(47:49 / All) RaBiD_MuLe: are you talking to me?
(47:58 / All) FatBoyCampbell: you're the only retard left
(47:59 / All) FatBoyCampbell: and I said teal
(48:03 / All) Amovemaster.: no he is talking to the others who all left
(48:04 / All) FatBoyCampbell: which so happens to be your color
(48:16 / All) FatBoyCampbell: figure it out, chief
(48:20 / All) RaBiD_MuLe: oh sorry I forgot to tell you I don't care
(48:28 / All) FatBoyCampbell: you seem to care a whole lot
(48:30 / All) RaBiD_MuLe: I am not 10 years old
(48:30 / All) Amovemaster.: then leave
(48:33 / All) FatBoyCampbell: the chat will speak for itself
(48:35 / All) Amovemaster.: if you didn't care
(48:38 / All) Amovemaster.: you wouldn't be here
(48:43 / All) FatBoyCampbell: 31-23 now
(48:45 / All) FatBoyCampbell: :)
(48:50 / All) RaBiD_MuLe: I care for your souls
(49:04 / All) Amovemaster.: our souls?
(49:36 / All) FatBoyCampbell: Any pearls of wisdom you wish to bestow upon us?
(50:28 / All) FatBoyCampbell: that's the last building
(50:30 / All) FatBoyCampbell: your thoughts?
(51:17 / All) FatBoyCampbell: come on, dispense with the funnies already chump
(51:28 / All) Amovemaster.: this idiot took shadow strike ather than fan of knives
(51:35 / All) FatBoyCampbell: what a nub
(51:59 / All) FatBoyCampbell: the peon that survives that ritual gets the honors